 Dungeon Crawl Stone Soup version 0.29-a0-338-g1ff7896281 (webtiles) character file.

Game seed: 10940485264237927452

1902 sokol815 the Destroyer (level 9, -5/57 HPs)
             Began as a Human Conjurer on Apr 17, 2022.
             Was an Initiate of Sif Muna.
             Slain by a two-headed ogre
             ... wielding a +0 giant club
              (23 damage)
             ... on level 6 of the Dungeon on Apr 18, 2022.
             The game lasted 00:19:18 (6807 turns).

sokol815 the Destroyer (Human Conjurer)             Turns: 6807, Time: 00:19:19

Health: -5/57      AC:  4    Str:  7    XL:     9   Next: 38%
Magic:  7/12       EV: 13    Int: 22    God:    Sif Muna [......]
Gold:   270        SH:  0    Dex: 25    Spells: 5/12 levels left

rFire   . . .      SeeInvis .   j - +0 short sword (venom)
rCold   . . .      Faith    .   (no shield)
rNeg    . . .      Spirit   .   b - +0 robe
rPois   .          Reflect  .   d - +1 helmet
rElec   .          Harm     .   (no cloak)
rCorr   .          Rampage  .   (no gloves)
Will    .....                   (no boots)
Stlth   +++.......              o - amulet of magic regeneration
HPRegen 0.19/turn               f - +6 ring of dexterity
MPRegen 0.53/turn               n - +6 ring of dexterity

@: no status effects
A: no striking features
a: Renounce Religion


You were on level 6 of the Dungeon.
You worshipped Sif Muna.
Sif Muna was noncommittal.
You visited 2 branches of the dungeon, and saw 7 of its levels.

You collected 270 gold pieces.

Inventory:

Hand Weapons
 a - a +1 flail
   (You found it on level 1 of the Dungeon)
 j - a +0 short sword of venom (weapon)
   (You found it on level 3 of the Dungeon)
Missiles
 c - 15 poisoned darts
 e - 3 boomerangs
 l - 4 atropa-tipped darts
 s - 174 stones
 x - 2 throwing nets {!d}
Armour
 b - a +0 robe (worn)
 d - a +1 helmet (worn)
   (You found it on level 1 of the Dungeon)
Jewellery
 f - a +6 ring of dexterity (left hand)
   (You found it on level 1 of the Dungeon)
 n - a +6 ring of dexterity (right hand)
   (You took it off a hobgoblin on level 2 of the Dungeon)
 o - an amulet of magic regeneration (around neck)
   (You found it on level 3 of the Dungeon)
 u - a ring of flight {+Fly, !d}
   (You found it on level 5 of the Dungeon)
Scrolls
 g - 2 scrolls of enchant armour
 K - a scroll of immolation {!r}
 Y - a scroll of teleportation {@r3}
Potions
 h - 2 potions of curing {unknown}
 i - 2 potions of flight {unknown}
 k - 2 potions of degeneration {!q}
 m - a potion of berserk rage {unknown}
 p - 2 potions of cancellation {unknown}
 q - 2 potions of attraction {unknown}
 r - a potion of resistance {unknown}
 t - 2 potions of mutation {unknown}
 v - 2 potions of invisibility {unknown}
 w - a potion of heal wounds {unknown}
 B - a potion of brilliance
 H - 3 potions of haste
 M - a potion of magic


   Skills:
 - Level 2.0 Dodging
 - Level 2.0 Stealth
 - Level 2.0 Spellcasting
 + Level 11.2 Conjurations
 + Level 4.8 Translocations


You had 5 spell levels left.
You knew the following spells:

 Your Spells              Type           Power      Damage    Failure   Level
a - Magic Dart            Conj           100%       1d8       1%          1
b - Searing Ray           Conj           100%       2d8       1%          2
x - Iskenderun's Mystic   Conj/Tloc      37%        2d9       4%          4

Your spell library contained the following spells:

 Spells                   Type           Power      Damage    Failure   Level
 Blink                    Tloc           46%        N/A       2%          2
 Dazzling Flash           Conj/Hex       52%        N/A       4%          3
 Lesser Beckoning         Tloc           23%        N/A       5%          3
 Sting                    Tmut/Pois      8%         1d3       14%         1
 Fulminant Prism          Conj/Hex       13%        3d9       14%         4
 Poisonous Vapours        Pois/Air       4%         N/A       21%         2
 Summon Guardian Golem    Hex/Summ       2%         N/A       38%         3
 Manifold Assault         Tloc           23%        N/A       45%         5
 Olgreb's Toxic Radiance  Pois           2%         N/A       80%         4
 Orb of Destruction       Conj           25%        9d9       75%         7
 Spellforged Servitor     Conj/Summ      13%        N/A       100%        7


Dungeon Overview and Level Annotations

Branches:
Dungeon (6/15)             Temple (1/1) D:5

Altars:
Dithmenos
Elyvilon
Gozag
Hepliaklqana
Kikubaaqudgha
Qazlal
Ru
Sif Muna
Wu Jian
The Shining One

Shops:
D:5 [


Message History

There is a stone staircase leading down here.
You start resting.
Health restored: 57
There is a stone staircase leading down here.
You climb downwards.
There is a stone staircase leading up here.
s - 174 stones (gained 14)
You now have 265 gold pieces (gained 15).
A black bear comes into view.
The searing ray hits the black bear! (Press . to maintain the ray.)
You now have 10/12 mp.
The searing ray hits the black bear.
The searing ray hits the black bear.
You now have 9/12 mp.
The searing ray hits the black bear!
You finish channelling your searing ray.
The black bear goes berserk!
Aim: a black bear (almost dead, berserk, 87% to hit)
The searing ray hits the black bear. (Press . to maintain the ray.)
The black bear bites you! The black bear claws you. x2
You take 18 damage, and have 39/57 hp.
MASSIVE DAMAGE!!
You now have 7/12 mp.
The searing ray hits the black bear.
The black bear barely misses you. x4
The black bear claws you. x2
You take 9 damage, and have 30/57 hp.
The searing ray hits the black bear!
You kill the black bear!
Sif Muna accepts your kill.
Your Conjurations skill increases to level 11!
You now have 6/12 mp.
You start resting.
A centaur is nearby!
You regained 13 hp, and now have 43/57 hp.
MP restored: 12 The searing ray hits the centaur!
The centaur shouts! (Press . to maintain the ray.)
The centaur wields a +0 shortbow.
The centaur shoots an arrow.
The arrow hits you!
You take 7 damage, and have 36/57 hp.
You now have 10/12 mp.
The searing ray hits the centaur!
The centaur shoots an arrow.
The arrow closely misses you.
The searing ray hits the centaur!
You kill the centaur!
Sif Muna accepts your kill.
You now have 9/12 mp.
You start resting.
Health restored: 57; MP restored: 12 You see here a black bear corpse.
w - a grey potion
Okay, then.
You see here a +0 shortbow.
Found an escape hatch in the ceiling.
You now have 270 gold pieces (gained 5).
You see here a +0 fustibalus.
A black bear is nearby!
The searing ray hits the black bear! (Press . to maintain the ray.)
You now have 10/12 mp.
The searing ray misses the black bear.
The searing ray hits the black bear.
The black bear closely misses you. The black bear barely misses you.
The black bear claws you but does no damage.
You now have 9/12 mp.
The searing ray hits the black bear!
You kill the black bear!
Sif Muna accepts your kill.
You finish channelling your searing ray.
x - 2 throwing nets {!d} You see here a black bear corpse.
A two-headed ogre comes into view. It is wielding two +0 giant clubs.
The two-headed ogre shouts in stereo!
You hear a shout!
MP restored: 12 The searing ray hits the two-headed ogre. (Press . to maintain the ray.)
You now have 10/12 mp.
The searing ray hits the two-headed ogre.
An orc comes into view. It is wielding a +0 short sword.
The searing ray hits the two-headed ogre!
The two-headed ogre barely misses you.
The two-headed ogre hits you with a +0 giant club!
You take 10 damage, and have 47/57 hp.
You now have 9/12 mp.
The searing ray hits the two-headed ogre!
You finish channelling your searing ray.
Aim: a two-headed ogre, wielding two +0 giant clubs (heavily wounded, 92% to hit)
The searing ray hits the two-headed ogre! (Press . to maintain the ray.)
The two-headed ogre hits you with a +0 giant club! x2
You take 30 damage, and have 18/57 hp.
MASSIVE DAMAGE!!
You now have 7/12 mp.
The searing ray hits the two-headed ogre.
The searing ray hits the orc!
You kill the orc!
Sif Muna accepts your kill.
The two-headed ogre hits you with a +0 giant club!!
You die...

#... #### ...###### #... ....
#....h.########## .....
#)(...##.... ...).
#####....### .....?
#########......#
.....$###.......h.####.#
......O.........####....
#######@.............###
.......†....<....#####
#######..........#
#..........# ### ###
#..........# ##.## ##.##
##).......##### #...# #...#
##............###
##...###...###...............#
#..#..#..#..##..........##.#.#


You could see a two-headed ogre.

Vanquished Creatures
  An acid dragon (D:6)
  Edmund (D:6)
  2 black bears (D:6)
  2 ice beasts
  2 ogres
  2 centaurs
  2 phantoms
  2 necrophages
  A bullfrog (D:6)
  A scorpion (D:5)
  A howler monkey (D:4)
  5 hounds
  An orc priest (D:5)
  A jelly (D:6)
  2 iguanas
  3 orc wizards
  5 adders
  6 gnolls
  An ufetubus (D:3)
  4 worms
  A dart slug (D:5)
  15 orcs
  6 endoplasms
  4 giant cockroaches
  7 goblins
  9 hobgoblins
  8 jackals
  4 quokkas
  6 ball pythons
  6 bats
  7 frilled lizards
  6 kobolds
  24 rats
148 creatures vanquished.

Notes
Turn   | Place    | Note
-------+----------+-------------------------------------------
     0 | D:1      | sokol815 the Human Conjurer began the quest for the Orb.
     0 | D:1      | Reached XP level 1. HP: 13/13 MP: 3/3
   248 | D:1      | Reached XP level 2. HP: 18/19 MP: 0/5
   778 | D:1      | Reached XP level 3. HP: 24/24 MP: 3/6
   954 | D:1      | Found a faded altar of an unknown god.
  1149 | D:1      | Learned a level 2 spell: Searing Ray
  1316 | D:2      | Reached skill level 5 in Conjurations
  2213 | D:3      | Reached XP level 4. HP: 30/30 MP: 2/7
  2679 | D:3      | Reached skill level 6 in Conjurations
  2679 | D:3      | Reached XP level 5. HP: 35/35 MP: 4/8
  3612 | D:4      | Reached XP level 6. HP: 41/41 MP: 5/9
  3665 | D:4      | Noticed an ogre
  3676 | D:4      | Killed an ogre
  3677 | D:4      | Reached skill level 7 in Conjurations
  3684 | D:4      | Noticed an ice beast
  3692 | D:4      | Killed an ice beast
  3693 | D:4      | Reached XP level 7. HP: 46/46 MP: 5/10
  3697 | D:4      | Reached skill level 8 in Conjurations
  4276 | D:5      | Entered Level 5 of the Dungeon
  4294 | D:5      | Reached skill level 9 in Conjurations
  4478 | D:5      | Reached XP level 8. HP: 52/52 MP: 7/11
  4723 | D:5      | Reached skill level 10 in Conjurations
  4779 | D:5      | Learned a level 4 spell: Iskenderun's Mystic Blast
  5118 | D:5      | Reached skill level 1 in Translocations
  5172 | D:5      | Found a staircase to the Ecumenical Temple.
  5180 | Temple   | Entered the Ecumenical Temple
  5251 | Temple   | Became a worshipper of Sif Muna the Loreminder
  5506 | D:5      | Found Favesaob's Antique Armour Shop.
  5844 | D:6      | Reached skill level 2 in Translocations
  5951 | D:6      | HP: 9/52 [acid dragon/splash of acid (21)]
  5963 | D:6      | HP: 10/52 [hound (2)]
  5966 | D:6      | Reached skill level 3 in Translocations
  6219 | D:6      | Reached XP level 9. HP: 55/57 MP: 7/12
  6314 | D:6      | Noticed Edmund
  6322 | D:6      | Killed Edmund
  6323 | D:6      | Reached skill level 4 in Translocations
  6499 | D:6      | Reached skill level 11 in Conjurations
  6801 | D:6      | Noticed a two-headed ogre
  6807 | D:6      | Slain by a two-headed ogre

Illustrated notes

Levels and vault maps discovered:
D:1:      psy_arrival_terrarium, layout_basic,
          shapermc_ecumenical_altar_mp_vishouse
D:2:      layout_loops_cross, minmay_misc_feat_x
D:3:      layout_loops_ring, minmay_rat_hole
D:4:      layout_rooms
D:5:      layout_basic, minmay_temple_entry_trees, serial_shops, shop,
          chequers_jeans
D:6:      layout_rooms, kennysheep_little_box, serial_curves, eino_curves_03,
          eino_curves_04, uniq_edmund
Temple:   cyrus_temple_forest

Skill      XL: |  1  2  3  4  5  6  7  8  9 |
---------------+----------------------------+-----
Conjurations   | 5 6 7 9 10 11 | 11.2
Translocations | 3 4 |  4.8
Dodging        | |  2.0
Stealth        | |  2.0
Spellcasting   | |  2.0

Action                   |  1- 3 |  4- 6 |  7- 9 || total
-------------------------+-------+-------+-------++-------
Melee: Flail             |    33 |     4 |       ||    37
       Punch             |     1 |       |       ||     1
       Short sword       |       |     2 |     2 ||     4
 Cast: Magic Dart        |    29 |       |       ||    29
       Searing Ray       |    15 |    28 |    63 ||   106
  Use: Scroll            |     6 |     4 |     1 ||    11
Armor: Robe              |    13 |     8 |     5 ||    26
Dodge: Dodged            |    23 |    15 |    25 ||    63

Table legend: (Time is in decaauts)
 A = Elapsed time spent in this place.
 B = Non-inter-level travel time spent in this place.
 C = Inter-level travel time spent in this place.
 D = Time resting spent in this place.
 E = Time spent auto-exploring this place.
 F = Levels seen in this place.
 G = Mean time per level.
                   A        B        C        D        E       F      G
               +--------+--------+--------+--------+--------+-----+--------+
         Total |   6830 |   6538 |    292 |   1982 |   3595 |   7 |  975.7 |
       Dungeon |   6736 |   6483 |    253 |   1982 |   3572 |   6 | 1122.7 |
        Temple |     93 |     54 |     39 |      0 |     23 |   1 |   93.0 |
               +--------+--------+--------+--------+--------+-----+--------+

Top non-repeatable levels by time:
     D:5: 1461 daAuts
     D:3: 1260 daAuts
     D:1: 1225 daAuts
     D:2: 1149 daAuts
     D:4: 965 daAuts
     D:6: 673 daAuts
  Temple: 93 daAuts

Table legend:
 A = Kills in this place as a percentage of kills in entire the game.
 B = Kills by you in this place as a percentage of kills by you in the entire game.
 C = Kills by friends in this place as a percentage of kills by friends in the entire game.
 D = Other kills in this place as a percentage of other kills in the entire game.
 E = Experience gained in this place as a percentage of experience gained in the entire game.
 F = Experience gained in this place divided by the number of levels of this place that you have seen.
                   A       B       C       D       E      F
               +-------+-------+-------+-------+-------+----------------------
         Total | 100.0 | 100.0 |   N/A |   N/A | 100.0 | 388.7
       Dungeon | 100.0 | 100.0 |   N/A |   N/A | 100.0 | 453.5
               +-------+-------+-------+-------+-------+----------------------
